 Dungeon Crawl Stone Soup version 0.18.1-50-g88ac8fd (webtiles) character file.

1283 varam the Magician (level 8, 0/45 HPs)
             Began as a Gargoyle Earth Elementalist on Oct 8, 2016.
             Was a Follower of Vehumet.
             Killed by divine providence
             ... invoked by an orc priest
              (11 damage)
             ... on level 6 of the Dungeon.
             The game lasted 00:25:40 (5756 turns).

varam the Magician (Gargoyle Earth Elementalist)    Turns: 5756, Time: 00:25:41

Health: 0/45       AC:  7    Str: 13    XL:     8   Next: 55%
Magic:  6/18       EV: 24    Int: 17    God:    Vehumet [*.....]
Gold:   302        SH:  0    Dex: 15    Spells: 3 memorised, 11 levels left

rFire  . . .     SeeInvis .     G - +0 halberd
rCold  . . .     Gourm    .     a - +0 robe
rNeg   + . .     Faith    .     (shield currently unavailable)
rPois  ∞         Spirit   .     (no helmet)
rElec  +         Dismiss  .     (no cloak)
rCorr  .         Reflect  .     (no gloves)
SustAt .         Harm     .     (no boots)
MR     .....                    (no amulet)
Stlth  +++.......               (no ring)
                                u - +6 ring of evasion

@: agile, flying, slowed, very slow, not resistant to hostile enchantments,
fairly stealthy
A: negative energy resistance 1, electricity resistance, unbreathing,
petrification resistance, rot immunity, AC +5
a: Renounce Religion


You were on level 6 of the Dungeon.
You worshipped Vehumet.
Vehumet was aware of your devotion.
You were hungry.

You visited 2 branches of the dungeon, and saw 7 of its levels.

You collected 302 gold pieces.

Inventory:

Hand Weapons
 e - a +0 club
 s - a +0 spear
 D - a +2 short sword of protection
 G - a +0 halberd (weapon)
Missiles
 b - 87 stones (quivered)
 n - 5 javelins
Armour
 a - a +0 robe (worn)
 z - a +0 large shield
Jewellery
 u - a +6 ring of evasion (left hand)
 I - an uncursed ring of magical power {unknown}
Scrolls
 h - 3 scrolls of magic mapping {unknown}
 j - a scroll of immolation {unknown}
 m - a scroll of noise {unknown}
 o - 6 scrolls of identify {unknown}
 p - 3 scrolls of amnesia {unknown}
 r - 3 scrolls of recharging {unknown}
 v - 2 scrolls of blinking {unknown}
 y - 5 scrolls of remove curse {unknown}
 A - 2 scrolls of enchant armour {unknown}
 C - 2 scrolls of teleportation {unknown}
Potions
 d - 2 potions of lignification {unknown}
 f - a potion of degeneration {unknown}
 g - a potion of heal wounds {unknown}
 i - a potion of curing {unknown}
 k - 2 potions of might {unknown}
 l - 2 potions of agility
 q - a potion of invisibility {unknown}
 t - a potion of ambrosia {unknown}
 B - 2 potions of flight
Books
 c - a book of Geomancy

   Spells                             Type                      Level
   a - Sandblast                      Earth                        1
   b - Passwall                       Transmutation/Earth          2
   c - Stone Arrow                    Conjuration/Earth            3
   d - Petrify                        Transmutation/Earth          4
   e - Lee's Rapid Deconstruction     Earth                        5
 E - a Grand Grimoire

   Spells                             Type                      Level
   a - Monstrous Menagerie            Summoning                    7
   b - Summon Greater Demon           Summoning                    7
   c - Malign Gateway                 Summoning/Translocation      7
   d - Summon Horrible Things         Summoning                    8
Comestibles
 w - 3 bread rations
 x - 2 beef jerkies
 F - 2 chunks of flesh
 H - a meat ration


   Skills:
 + Level 2.5 Fighting
 + Level 2.1 Polearms
 + Level 2.6 Armour
 + Level 2.5 Dodging
 - Level 2.1 Stealth
 - Level 1.0 Shields
 * Level 6.7 Spellcasting
   Level 0.7 Transmutations
 + Level 6.5 Earth Magic


You had 11 spell levels left.
You knew the following spells:

 Your Spells              Type           Power        Failure   Level  Hunger
a - Sandblast             Erth           ####..       1%          1    None
b - Lee's Rapid Deconstr  Erth           ####......   24%         5    #####..
c - Stone Arrow           Conj/Erth      ###...       12%         3    ##.....


Dungeon Overview and Level Annotations

Branches:
Dungeon (6/15)             Temple (1/1) D:4

Altars:
Ashenzari
Cheibriados
Fedhas
Gozag
Kikubaaqudgha
Makhleb
Nemelex Xobeh
Okawaru
Pakellas
Ru
Sif Muna
Vehumet
Xom
Yredelemnul
Zin
The Shining One
Lugonu

Shops:
D:5 =   D:6 *

Annotations:
D:2 Grinder


Innate Abilities, Weirdness & Mutations

You are resistant to torment.
Your stone body is resilient (AC +5).
You are immune to poison.
You resist negative energy.
You are resistant to electric shocks.
You can survive without breathing.
You are immune to petrification.
You are immune to rotting.


Message History

The black bear misses you. The black bear closely misses you.
The black bear claws you.
* * * LOW HITPOINT WARNING * * *
The black bear closely misses you. The black bear claws you.
* * * LOW HITPOINT WARNING * * *
The black bear closely misses you.
Drink which item? (? for menu, Esc to quit)
It was a potion of agility.
You feel agile all of a sudden.
The black bear bites you but does no damage.
The black bear completely misses you. The black bear misses you.
The black bear completely misses you. The black bear barely misses you.
The black bear completely misses you.
Drink which item? (? for menu, Esc to quit)
It was a potion of flight.
You feel very buoyant.
You fly up into the air.
The orc priest calls down the wrath of Beogh upon you.
Beogh smites you!
You die...

##.
##############....#.##.#####
...
#.........#..#....#.........
.#
#.........#..........#.#....
##
#.........#.##.....###.#.###
#..##.........#............#.#
#(...........)..###...######.#
...#........................#
...#.........#.###...########
###..#.........#@# #...#
.....########'##h# #...#
##...# #########o# #####
.o...# #..8..# #o# ...#.#
#.8_8.# #o######
.#.#.###..8..###o.....#
.......#≈≈.≈≈#..#####.#
.#.#o###)≈.≈)##.# .#.#o#
#≈≈.≈≈#..#


You could see an orc warrior, a black bear, an orc priest and 2 orcs.

Vanquished Creatures
  Menkaure (D:6)
  A black bear (D:4)
  4 ogres
  A centaur (D:6)
  A giant frog (D:6)
  A scorpion (D:4)
  2 howler monkeys (D:4)
  2 hounds
  A centaur skeleton (D:5)
  A giant frog skeleton (D:4)
  3 orc wizards
  3 worker ants
  A hound skeleton (D:5)
  4 gnolls (D:6)
  4 adders
  2 oozes
  3 worms
  2 dart slugs (D:3)
  5 giant geckos
  3 orcs
  11 bats
  3 giant cockroaches
  8 hobgoblins
  6 jackals
  A kobold (D:2)
  2 quokkas
  A ball python (D:3)
  7 giant newts
  9 goblins
  7 rats
100 creatures vanquished.

Vanquished Creatures (others)
  A wasp (D:4)
1 creature vanquished.

Grand Total: 101 creatures vanquished

Notes
Turn   | Place    | Note
--------------------------------------------------------------
     0 | D:1      | varam the Gargoyle Earth Elementalist began the quest for the Orb.
     0 | D:1      | Reached XP level 1. HP: 10/10 MP: 3/3
   534 | D:1      | Reached XP level 2. HP: 15/15 MP: 3/5
   920 | D:1      | Reached XP level 3. HP: 19/19 MP: 1/6
  1411 | D:2      | Learned a level 3 spell: Stone Arrow
  1575 | D:2      | Found a glowing golden altar of the Shining One.
  1585 | D:2      | Found a blossoming altar of Fedhas.
  1588 | D:2      | Found a basalt altar of Yredelemnul.
  1731 | D:2      | Found an ancient bone altar of Kikubaaqudgha.
  1772 | D:2      | Reached skill level 5 in Earth Magic
  2387 | D:3      | Noticed Grinder
  2547 | D:2      | Reached XP level 4. HP: 10/24 MP: 1/8
  2557 | D:2      | Paralysed by Grinder for 3 turns
  2801 | D:3      | Found a sparkling altar of Nemelex Xobeh.
  2847 | D:3      | Found a faded altar to an unknown god.
  3573 | D:4      | Found an oddly glowing altar of Pakellas.
  3583 | D:4      | Found a staircase to the Ecumenical Temple.
  3592 | Temple   | Entered the Ecumenical Temple
  3594 | Temple   | Reached XP level 5. HP: 28/28 MP: 6/10
  3855 | D:4      | Noticed a black bear
  3877 | D:4      | Reached XP level 6. HP: 32/32 MP: 9/13
  3879 | D:4      | Reached skill level 5 in Spellcasting
  3958 | D:5      | Entered Level 5 of the Dungeon
  4165 | D:5      | Reached XP level 7. HP: 34/36 MP: 11/15
  4276 | D:4      | Learned a level 5 spell: Lee's Rapid Deconstruction
  4278 | D:4      | Found a radiant altar of Vehumet.
  4285 | D:4      | Became a worshipper of Vehumet
  4369 | D:4      | Found an oddly glowing altar of Pakellas.
  4369 | D:4      | Noticed an orange crystal statue
  4425 | D:4      | Found a glowing silver altar of Zin.
  4492 | D:4      | Reached skill level 1 in Shields
  4530 | D:4      | Reached skill level 1 in Fighting
  4530 | D:4      | Reached skill level 1 in Armour
  4603 | D:4      | Reached skill level 1 in Polearms
  4655 | D:5      | Found Faidwa's Jewellery Shoppe.
  5339 | D:6      | Reached XP level 8. HP: 44/44 MP: 1/17
  5589 | D:6      | Found an iron altar of Okawaru.
  5617 | D:6      | Found Arghuetsi's General Store.
  5671 | D:6      | Noticed Menkaure
  5679 | D:6      | Killed Menkaure
  5750 | D:6      | Reached * piety under Vehumet
  5750 | D:6      | Offered knowledge of Shock by Vehumet.
  5756 | D:6      | Killed from afar by an orc priest

Skill      XL: |  1  2  3  4  5  6  7  8 |
---------------+-------------------------+-----
Earth Magic    | 4 5 6 |  6.5
Spellcasting   | 3 4 5 6 |  6.7
Shields        | 1 |  1.0
Fighting       | 1 2 |  2.5
Armour         | 1 2 |  2.6
Polearms       | 1 2 |  2.1
Dodging        | 2 |  2.5
Stealth        | |  2.1
Transmutations | |  0.7

Action                   |  1- 3 |  4- 6 |  7- 9 || total
-------------------------+-------+-------+-------++-------
Melee: Club              |     1 |       |       ||     1
       Spear             |     9 |    33 |       ||    42
       Short sword       |       |       |    49 ||    49
       Halberd           |       |       |    20 ||    20
 Cast: Sandblast         |    52 |    55 |    20 ||   127
       Stone Arrow       |     5 |     7 |    33 ||    45
  Use: Potion            |       |       |     2 ||     2
 Stab: Sleeping          |     1 |     3 |       ||     4
  Eat: Chunk             |     4 |     4 |     6 ||    14
       Bread ration      |     1 |       |       ||     1
Armor: Robe              |    17 |    19 |    33 ||    69
Dodge: Dodged            |    48 |    52 |   128 ||   228
